 Dungeon Crawl Stone Soup version 0.31-a0-845-g9abc20d24f (webtiles) character file.

Game seed: 12711629679863207275

18 Kurtz the Chopper (level 2, -2/21 HPs)
             Began as an Octopode Fighter on Oct 1, 2023.
             Slain by an adder (3 damage)
             ... on level 2 of the Dungeon.
             The game lasted 00:00:59 (1216 turns).

Kurtz the Chopper (Octopode Fighter)                Turns: 1216, Time: 00:01:00

Health: -2/21      AC:  1    Str: 15    XL:     2   Next: 66%
Magic:  2/2        EV: 13    Int: 10    God:
Gold:   74         SH:  4    Dex: 11    Spells: 1/1 levels left

rFire   . . .        a - +0 war axe
rCold   . . .        b - +0 buckler
rNeg    . . .        (helmet restricted)
rPois   .            (no amulet)
rElec   .            (no ring)
rCorr   .            (no ring)
SInv    .            (no ring)
Will    .....        (no ring)
Stlth   ++           (no ring)
HPRegen 0.23/turn    (no ring)
MPRegen 0.08/turn    (no ring)
                     (no ring)

%: no passive effects
@: no status effects
A: almost no armour, amphibious, 8 rings, camouflage 1, gelatinous body 1,
(nimble swimmer 1), tentacles
a: no special abilities


You were on level 2 of the Dungeon.
You visited 1 branch of the dungeon, and saw 2 of its levels.

You collected 74 gold pieces.

Inventory:

Hand Weapons
 a - a +0 war axe (weapon)
Missiles
 d - 6 poisoned darts
Armour
 b - a +0 buckler (worn)
Scrolls
 e - a scroll of silence {unknown}
 f - 2 scrolls of identify {unknown}
 g - 2 scrolls of amnesia {unknown}
Potions
 c - a potion of might


   Skills:
 - Level 3.0 Fighting
 * Level 3.1 Axes
 - Level 3.0 Dodging
 - Level 3.0 Shields


You had one spell level left.
You didn't know any spells.
Your spell library was empty.

Dungeon Overview and Level Annotations

Branches:
Dungeon (2/15)

Altars:


Innate Abilities, Weirdness & Mutations

You cannot wear most types of armour.
You are amphibious.
You can wear up to eight rings at the same time.
Your skin changes colour to match your surroundings (Stealth+).
Your rubbery body absorbs attacks. (AC +1, EV +1)
((You are camouflaged when in or above water. (Stealth+)))
You have tentacles for arms and can constrict up to eight enemies at once.


Message History

An adder is nearby!
You miss the adder. Your grab misses the adder.
The adder is heavily wounded.
You feel sick. The adder bites you. The adder closely misses you.
An adder is nearby!
You are too injured to fight recklessly!
An adder is nearby!
You are too injured to fight recklessly!
An adder is nearby!
You are too injured to fight recklessly!
You are too injured to fight recklessly!
Unknown command.
An adder is nearby!
You closely miss the adder. Your grab misses the adder.
The adder is heavily wounded.
You feel sick. The adder closely misses you. The adder misses you.
You hit the adder. Your grab misses the adder. Your squeeze misses the adder.
The adder is heavily wounded.
You feel sick. The adder misses you. The adder bites you.
* * * LOW HITPOINT WARNING * * *
Unknown command.
Okay, then.
You miss the adder. Your grab misses the adder. Your squeeze misses the adder.
The adder is heavily wounded.
You feel sick.
You are no longer poisoned.
The adder bites you.
* * * LOW HITPOINT WARNING * * *
The adder barely misses you.
Unknown command.
You closely miss the adder. Your grab misses the adder.
Your squeeze misses the adder.
The adder is heavily wounded.
The adder barely misses you.
You barely miss the adder. You grab the adder. You squeeze the adder.
The adder is severely wounded.
You constrict the adder. The adder bites you.
* * * LOW HITPOINT WARNING * * *
The adder bites you.
You die...

#########.####
#..........#
+..........#
#..........# .
#..........# ...
#.............
....###.##########
......$......#
##>....@.....#
#.....S.%...#
#...........#
#...........#
#.....!.....#
#.########### #. #


You could see an adder.

Vanquished Creatures
  A ball python (D:1)
  2 bats
  3 endoplasms
  A goblin (D:1)
  3 hobgoblins
  2 kobolds (D:1)
  4 rats
16 creatures vanquished.

Notes
Turn   | Place    | Note
-------+----------+-------------------------------------------
     0 | D:1      | Kurtz the Octopode Fighter began the quest for the Orb.
     0 | D:1      | Reached XP level 1. HP: 16/16 MP: 1/1
   547 | D:1      | Reached XP level 2. HP: 21/21 MP: 2/2
   609 | D:1      | Found a faded altar of an unknown god.
  1216 | D:2      | HP: 1/21 [adder (3)]
  1216 | D:2      | Slain by an adder

Illustrated notes

Levels and vault maps discovered:
D:1:      onia_arrival_mini_spirals, layout_basic, ebering_ecumenical_altar_box
D:2:      layout_basic, serial_shops, nicolae_shop_just_a_little_nook,
          uniq_crazy_yiuf_cottage, uniq_robin

Skill      XL: |  1  2 |
---------------+-------+-----
Axes           | 3 |  3.1
Fighting       | |  3.0
Dodging        | |  3.0
Shields        | |  3.0

Action                     || total
---------------------------++-------
  Melee: War axe           ||    35
         Constrict         ||     7
         Tentacles         ||     5
   Stab: Sleeping          ||     7
 Armour: Skin              ||    15
  Dodge: Dodged            ||    16
  Block: Buckler           ||     4

Table legend: (Time is in decaauts)
 A = Elapsed time spent in this place.
 B = Non-inter-level travel time spent in this place.
 C = Inter-level travel time spent in this place.
 D = Time resting spent in this place.
 E = Time spent auto-exploring this place.
 F = Levels seen in this place.
 G = Mean time per level.
                   A        B        C        D        E       F      G
               +--------+--------+--------+--------+--------+-----+--------+
         Total |   1229 |   1200 |     29 |    232 |    820 |   2 |  614.5 |
       Dungeon |   1229 |   1200 |     29 |    232 |    820 |   2 |  614.5 |
               +--------+--------+--------+--------+--------+-----+--------+

Top non-repeatable levels by time:
     D:1: 1106 daAuts
     D:2: 123 daAuts
